 Dungeon Crawl Stone Soup version 0.27-a0-46-g34d46f0a3f (webtiles) character file.

Game seed: 14745127551211991918

55 Borgoz the Skirmisher (level 3, -1/30 HPs)
             Began as a Ghoul Warper on Jan 7, 2021.
             Slain by a worm (9 damage)
             ... on level 2 of the Dungeon.
             The game lasted 00:01:02 (1160 turns).

Borgoz the Skirmisher (Ghoul Warper)                Turns: 1160, Time: 00:01:03

Health: -1/30      AC:  3    Str: 14    XL:     3   Next: 93%
Magic:  4/4        EV: 12    Int:  8    God:
Gold:   83         SH:  0    Dex:  9    Spells: 5/5 levels left

rFire    . . .     SeeInvis .     - Unarmed
rCold    + . .     Faith    .   (no shield)
rNeg     + + +     Spirit   .   a - +0 leather armour
rPois    ∞         Reflect  .   (no helmet)
rElec    .         Harm     .   (no cloak)
rCorr    .         Rampage  .   (no gloves)
Will     .....                  (no boots)
Stlth    +.........             (no amulet)
HPRegen  0.00/turn              (no ring)
MPRegen  0.09/turn              (no ring)

@: no status effects
A: claws 1, cold resistance 1, negative energy resistance 3, inhibited
regeneration, torment resistance, unbreathing
a: no special abilities


You were on level 2 of the Dungeon.
You visited 1 branch of the dungeon, and saw 2 of its levels.

You collected 83 gold pieces.

Inventory:

Missiles
 d - 5 boomerangs of dispersal (quivered)
Armour
 a - a +0 leather armour (worn)
Scrolls
 c - a scroll of blinking
 e - 3 scrolls of identify {unknown}
 f - a scroll of fear {unknown}
 h - a scroll of teleportation {unknown}
 i - a scroll of fog {unknown}
Potions
 b - 2 potions of curing {unknown}


   Skills:
 + Level 2.8 Fighting
 - Level 0.8 Throwing
 * Level 2.0 Armour
 * Level 2.5 Dodging
 + Level 2.6 Unarmed Combat
 - Level 1.7 Spellcasting
 - Level 2.6 Translocations


You had 5 spell levels left.
You didn't know any spells.
Your spell library contained the following spells:

 Spells                   Type           Power        Failure   Level
 Blink                    Tloc           N/A          22%         2
 Gell's Gravitas          Tloc           2%           41%         3
 Lesser Beckoning         Tloc           2%           41%         3
 Teleport Other           Tloc           5%           41%         3
 Passage of Golubria      Tloc           N/A          83%         4


Dungeon Overview and Level Annotations

Branches:
Dungeon (2/15)

Altars:


Innate Abilities, Weirdness & Mutations

You thrive by killing the living.
You are immune to poison.
You have sharp fingernails.
Your flesh is cold resistant. (rC+)
You are immune to negative energy. (rN+++)
You do not regenerate when monsters are visible.
You are immune to unholy pain and torment.
You can survive without breathing.


Message History

You claw the worm!
The worm is heavily wounded.
The leopard gecko closely misses you. The worm closely misses you.
The leopard gecko bites you.
You scratch the leopard gecko but do no damage.
The leopard gecko barely misses you.
You closely miss the leopard gecko. The leopard gecko barely misses you.
You miss the leopard gecko. The leopard gecko closely misses you.
You miss the leopard gecko. The leopard gecko bites you.
* * * LOW HITPOINT WARNING * * *
The leopard gecko completely misses you.
You claw the leopard gecko!
You kill the leopard gecko!
Your Armour skill increases to level 2!
The worm closely misses you.
You see here a leopard gecko corpse.
You scratch the worm.
The worm is heavily wounded.
The worm bites you!
You die...

......#......#...#
........#....# ###
##....#.....#..#
.........###..# #
.............#
##.#..##)#...##.#
.....#...#...##÷#
#......# #......#####
>......###@#........##
......)...w..........##
.#.#...#†..#..........#
#......##..........#
#...#...†..........#
#......##...).†....#
#....####..........#
####. ##(.).....## #.
#..........#


You could see a worm.

Vanquished Creatures
  3 adders (D:2)
  An ooze (D:1)
  A leopard gecko (D:2)
  A giant cockroach (D:2)
  4 goblins
  2 hobgoblins (D:1)
  A quokka (D:2)
  2 ball pythons (D:1)
  2 bats
  2 frilled lizards (D:2)
  2 kobolds (D:1)
  3 rats
24 creatures vanquished.

Notes
Turn   | Place    | Note
-------+----------+-------------------------------------------
     0 | D:1      | Borgoz the Ghoul Warper began the quest for the Orb.
     0 | D:1      | Reached XP level 1. HP: 17/17 MP: 2/2
    74 | D:1      | Reached skill level 1 in Armour
    88 | D:1      | Reached XP level 2. HP: 19/25 MP: 3/3
   913 | D:2      | Reached XP level 3. HP: 27/30 MP: 4/4
  1160 | D:2      | Slain by a worm

Illustrated notes

Levels and vault maps discovered:
D:1:      lightli_molten_gateway, layout_loops_ring,
          corexii_item_surrounded_by_moat
D:2:      layout_rooms

Skill      XL: |  1  2  3 |
---------------+----------+-----
Armour         | 1 2 |  2.0
Dodging        | 2 |  2.5
Fighting       | |  2.8
Throwing       | |  0.8
Unarmed Combat | |  2.6
Spellcasting   | |  1.7
Translocations | |  2.6

Action                   || total
-------------------------++-------
Melee: Unarmed           ||    94
  Use: Potion            ||     1
Armor: Leather armour    ||    36
Dodge: Dodged            ||    73

Table legend: (Time is in decaauts)
 A = Elapsed time spent in this place.
 B = Non-inter-level travel time spent in this place.
 C = Inter-level travel time spent in this place.
 D = Time resting spent in this place.
 E = Time spent auto-exploring this place.
 F = Levels seen in this place.
 G = Mean time per level.
                   A        B        C        D        E       F      G
               +--------+--------+--------+--------+--------+-----+--------+
         Total |   1155 |   1132 |     23 |     77 |    875 |   2 |  577.5 |
       Dungeon |   1155 |   1132 |     23 |     77 |    875 |   2 |  577.5 |
               +--------+--------+--------+--------+--------+-----+--------+

Top non-repeatable levels by time:
     D:1: 856 daAuts
     D:2: 299 daAuts
